 Dungeon Crawl Stone Soup version 0.18.1-48-g4cf74bf (webtiles) character file.

175 Ladykiller69 the Skirmisher (level 5, 0/43 HPs)
             Began as a Formicid Fighter on Aug 4, 2016.
             Succumbed to a worker ant's poison
             ... on level 3 of the Dungeon.
             The game lasted 00:12:20 (2235 turns).

Ladykiller69 the Skirmisher (Formicid Fighter)      Turns: 2235, Time: 00:12:21

Health: 0/43       AC:  7    Str: 21    XL:     5   Next: 85%
Magic:  5/5        EV:  8    Int:  8    God:
Gold:   219        SH:  9    Dex: 10    Spells: 0 memorised, 4 levels left

rFire  . . .     SeeInvis +     a - +0 war axe
rCold  . . .     Gourm    .     b - +0 scale mail
rNeg   . . .     Faith    .     c - +0 shield
rPois  .         Spirit   .     (helmet unavailable)
rElec  .         Dismiss  .     (no cloak)
rCorr  .         Reflect  .     (no gloves)
SustAt .         Harm     .     (no boots)
MR     .....                    (no amulet)
Stlth  ..........               (no ring)
                                (no ring)

@: lethally poisoned (0 -> -10), not resistant to hostile enchantments,
extremely unstealthy
A: permanent stasis, dig shafts and tunnels, four strong arms, antennae 3
a: Dig, Shaft Self


You were on level 3 of the Dungeon.
You were very hungry.

You visited 1 branch of the dungeon, and saw 4 of its levels.

You collected 219 gold pieces.

Inventory:

Hand Weapons
 a - a +0 war axe (weapon)
 u - a +1 quarterstaff of pain
Armour
 b - a +0 scale mail (worn)
 c - a +0 shield (worn)
Jewellery
 e - an uncursed ring of flight {unknown}
 i - a +1 ring of evasion {unknown}
 q - a +1 ring of evasion {unknown}
Scrolls
 h - a scroll of recharging {unknown}
 j - a scroll of teleportation {unknown}
 k - a scroll of immolation {unknown}
 p - 2 scrolls of identify {unknown}
 s - a scroll of amnesia {unknown}
 t - 2 scrolls of remove curse {unknown}
 w - a scroll of fear {unknown}
Potions
 d - a potion of might
 l - a potion of heal wounds {unknown}
 o - a potion of cancellation
 r - a potion of lignification {unknown}
 v - a potion of magic {unknown}
 x - a potion of cure mutation {unknown}
Books
 n - a book of Power

   Spells                             Type                      Level
   a - Fulminant Prism                Conjuration/Hexes            4
   b - Iskenderun's Mystic Blast      Conjuration                  4
   c - Venom Bolt                     Conjuration/Poison           5
   d - Bolt of Magma                  Conjuration/Fire/Earth       5
   e - Iron Shot                      Conjuration/Earth            6
   f - Orb of Destruction             Conjuration                  7
   g - Spellforged Servitor           Conjuration/Summoning        7
Comestibles
 f - 3 bread rations
 m - 4 meat rations


   Skills:
 + Level 4.5 Fighting
 * Level 3.4 Axes
 + Level 4.2 Armour
 + Level 4.4 Shields


You had 4 spell levels left.
You didn't know any spells.

Dungeon Overview and Level Annotations

Branches:
Dungeon (4/15)
 Temple: D:4-7

Altars:
Dithmenos
Fedhas
Kikubaaqudgha

Annotations:
D:4 Menkaure, Sigmund


Innate Abilities, Weirdness & Mutations

You are under a permanent stasis effect.
You can dig through walls and to a lower floor.
Your four strong arms can wield two-handed weapons with a shield.
You have a pair of large antennae on your head (SInv).


Message History

The worker ant bites you but does no damage.
You closely miss the worker ant.
The worker ant is moderately wounded.
* * * LOW HITPOINT WARNING * * *
You feel sick. You block the worker ant's attack.
The worker ant bites you but does no damage.
Your shield and scale mail prevent you from hitting the worker ant.
The worker ant is moderately wounded.
The worker ant bites you but does no damage.
The worker ant bites you.
* * * LOW HITPOINT WARNING * * *
You are more poisoned.
The worker ant poisons you!
You slash the worker ant!
The worker ant is almost dead.
* * * LOW HITPOINT WARNING * * *
You feel sick. The worker ant barely misses you.
You closely miss the worker ant.
The worker ant is almost dead.
You die...

#.........# #..#.#
#.........# #..#.#
#.........# #....#
#.........###.#..#
######...........#
#.######.#..#
######........#..#
.....###.........#
.......'........@#
......##.......a##
......#.........#
......#........##
......#........#
[.....#.######.#
#####.#.# #.##
#.#.######.#
#.........##


You could see a worker ant.

Vanquished Creatures
  The ghost of Brokeheart the Ruffian, a weakling DrTm (D:3)
  3 gnolls (D:2)
  3 adders
  An ooze (D:1)
  3 worms
  A dart slug (D:2)
  2 giant geckos
  3 orcs (D:3)
  A ball python (D:2)
  A giant cockroach (D:1)
  12 goblins
  6 hobgoblins
  3 jackals (D:3)
  5 kobolds
  6 bats
  2 giant newts
  3 rats
56 creatures vanquished.

Notes
Turn   | Place    | Note
--------------------------------------------------------------
     0 | D:1      | Ladykiller69 the Formicid Fighter began the quest for the Orb.
     0 | D:1      | Reached XP level 1. HP: 18/18 MP: 1/1
   151 | D:1      | Reached XP level 2. HP: 24/24 MP: 2/2
   588 | D:1      | Reached XP level 3. HP: 27/29 MP: 3/3
   668 | D:2      | Found a shadowy altar of Dithmenos.
   800 | D:2      | Found a blossoming altar of Fedhas.
  1166 | D:2      | Reached XP level 4. HP: 30/37 MP: 4/4
  1379 | D:3      | Reached XP level 5. HP: 20/42 MP: 5/5
  1812 | D:3      | Noticed Brokeheart's ghost (weakling DrTm)
  1830 | D:3      | Killed Brokeheart's ghost
  1933 | D:3      | Found an ancient bone altar of Kikubaaqudgha.
  2152 | D:4      | Noticed Menkaure
  2209 | D:4      | Noticed Sigmund
  2234 | D:3      | HP: 1/43 [poisoned by a worker ant]
  2235 | D:3      | Succumbed to a worker ant's poison

Skill      XL: |  1  2  3  4 |
---------------+-------------+-----
Shields        | 4 |  4.4
Fighting       | 4 |  4.5
Armour         | 4 |  4.2
Axes           | 3 |  3.4

Action                   |  1- 3 |  4- 6 || total
-------------------------+-------+-------++-------
Melee: War axe           |    99 |   115 ||   214
 Abil: Dig               |     4 |    11 ||    15
  Use: Potion            |       |     2 ||     2
  Eat: Chunk             |     1 |     4 ||     5
Armor: Scale mail        |    37 |    66 ||   103
Dodge: Dodged            |    37 |    46 ||    83
Block: Shield            |    41 |    82 ||   123
